 Dungeon Crawl Stone Soup version 0.21.1-1-g345015fe64 (webtiles) character file.

193 GuyWithAPlan the Nimble (level 5, 0/41 HPs)
             Began as a Barachi Monk on Feb 7, 2018.
             Succumbed to a gnoll's poison
             ... on level 2 of the Dungeon.
             The game lasted 00:04:13 (1856 turns).

GuyWithAPlan the Nimble (Barachi Monk)              Turns: 1856, Time: 00:04:14

Health: 0/41       AC:  3    Str:  9 (12) XL:     5   Next: 72%
Magic:  5/5        EV: 18    Int:  9 (11) God:
Gold:   77         SH:  6    Dex: 12 (15) Spells: 4/4 levels left

rFire    . . .     SeeInvis .   a - +0 falchion
rCold    . . .     Gourm    .   f - +0 buckler
rNeg     . . .     Faith    .   b - +0 robe
rPois    .         Spirit   .   (no helmet)
rElec    .         Reflect  .   i - +0 cloak
rCorr    .         Harm     .   (no gloves)
MR       .....                  (no boots)
Stlth    ++........             (no amulet)
HPRegen  0.13/turn              (no ring)
MPRegen  0.09/turn              (no ring)

@: lethally poisoned (0 -> -2), can't hop, very slightly contaminated,
invisible, slow
A: +LOS, swims, slowness 1, strong legs 1
a: Hop


You were on level 2 of the Dungeon.
You were hungry.

You visited 1 branch of the dungeon, and saw 3 of its levels.

You collected 77 gold pieces.

Inventory:

Hand Weapons
 a - a +0 falchion (weapon)
 d - a +0 spear
Armour
 b - a +0 robe (worn)
 f - a +0 buckler (worn)
 i - a +0 cloak (worn)
Scrolls
 h - a scroll of identify
 j - a scroll of blinking
 m - 2 scrolls of remove curse
 n - a scroll of teleportation {unknown}
Potions
 e - a potion of degeneration
Comestibles
 c - 2 rations


   Skills:
 - Level 3.6 Fighting
 - Level 3.6 Long Blades
 + Level 10.3 Dodging
 - Level 1.7 Stealth
 + Level 8.8 Shields


You had 4 spell levels left.
You didn't know any spells.

Dungeon Overview and Level Annotations

Branches:
Dungeon (3/15)

Altars:


Innate Abilities, Weirdness & Mutations

Shadows flee at your approach. (+LOS)
You can swim through water.
You cover ground slowly.
You can hop short distances.


Message History

You feel sick.
You aren't carrying any items that you can evoke.
As you read the scroll labeled LUQASK CIREA, it crumbles to dust.
It is a scroll of identify.
j - a scroll of blinking
As you read the scroll labeled EHAGENL ASHEM EXKY, it crumbles to dust.
You feel blessed for a moment.
It was a scroll of remove curse.
* * * LOW HITPOINT WARNING * * *
You feel sick.
You hit the gnoll.
The gnoll is heavily wounded.
The gnoll closely misses you.
You riposte.
You barely miss the gnoll.
The gnoll is heavily wounded.
You hit the gnoll but do no damage.
The gnoll is heavily wounded.
The gnoll misses you.
You riposte.
You hit the gnoll.
The gnoll is severely wounded.
You hit the gnoll.
The gnoll is almost dead.
You die...

#.# #.# #.#.#.# #.. #.# #.#
#.#...# #.# #.# #.########.#..##
#####(# #.# #..##..)...#.##
#...(.. #.# ##.##.#####..#
#...... #.# #....# #...# ##..(...
#.# ##..#####.#.# ##..##### #.#
#)####.(.#.###........ #.# #.#
#@.###....(.###### #.#
#.###g####...####
###.########............####
....†.##.....###.##>..#.)<.######
......#..#######)##.######.......
........## #......# #.....(.
......### ##.#..### #.......
......# ##....## #...)... ......#
#...### #.......


You could see a gnoll.

Vanquished Creatures
  5 gnolls
  A worm (D:2)
  2 leopard geckos
  6 bats
  A giant cockroach (D:1)
  6 goblins
  4 hobgoblins
  4 jackals (D:1)
  A quokka (D:2)
  A ball python (D:1)
  2 frilled lizards
  7 kobolds
  8 rats
48 creatures vanquished.

Notes
Turn   | Place    | Note
-------+----------+-------------------------------------------
     0 | D:1      | GuyWithAPlan the Barachi Monk began the quest for the Orb.
     0 | D:1      | Reached XP level 1. HP: 18/18 MP: 1/1
   273 | D:1      | Reached XP level 2. HP: 21/24 MP: 2/2
   325 | D:1      | Reached skill level 4 in Dodging
   869 | D:1      | Reached XP level 3. HP: 29/29 MP: 3/3
  1093 | D:2      | Reached skill level 5 in Dodging
  1099 | D:1      | Reached XP level 4. HP: 27/36 MP: 4/4
  1169 | D:1      | Reached skill level 1 in Shields
  1842 | D:2      | Reached skill level 10 in Dodging
  1842 | D:2      | Reached XP level 5. HP: 11/41 MP: 5/5
  1849 | D:2      | HP: 2/41 [poisoned by a gnoll]
  1856 | D:2      | Succumbed to a gnoll's poison

Skill      XL: |  1  2  3  4 |
---------------+-------------+-----
Dodging        | 4 5 10 | 10.3
Shields        | 8 |  8.8
Fighting       | |  3.6
Long Blades    | |  3.6
Stealth        | |  1.7

Action                   |  1- 3 |  4- 6 || total
-------------------------+-------+-------++-------
Melee: Falchion          |    99 |    72 ||   171
 Abil: Hop               |       |     1 ||     1
  Use: Potion            |       |     5 ||     5
       Scroll            |       |     2 ||     2
 Stab: Sleeping          |     2 |     1 ||     3
       Invisible         |       |     2 ||     2
  Eat: Chunk             |     1 |     2 ||     3
Armor: Robe              |    24 |    12 ||    36
Dodge: Dodged            |    76 |    51 ||   127
Block: Buckler           |    17 |    12 ||    29
       Rpst.: Falchion   |    22 |    13 ||    35
